[Event "Live Chess"]
[Site "Chess.com"]
[Date "2020.10.13"]
[Round "3"]
[White "Kondsaga"]
[Black "FlightsOfFancy"]
[Result "1-0"]
[WhiteElo "1948"]
[BlackElo "2075"]
[TimeControl "2100+2"]
[EndTime "19:43:32 PDT"]
[Termination "Kondsaga won on time"]

1. Nf3 c5 2. g3 Nf6 3. Bg2 g6 4. O-O Bg7 5. c4 O-O 6. Nc3 Nc6 7. Rb1 d6 8. a3 a5
9. Nb5 e5 10. d3 h6 11. b3 Be6 12. e4 Ne8 13. Bd2 Nc7 14. Qc1 Kh7 15. Nxc7 Qxc7
16. Nh4 Nd4 17. Kh1 Qe7 18. Nf3 Nxf3 19. Bxf3 Bh3 20. Bg2 Bxg2+ 21. Kxg2 f5 22.
Qe1 b6 23. b4 axb4 24. axb4 f4 25. f3 Ra2 26. Ra1 Rfa8 27. Rxa2 Rxa2 28. Rf2
fxg3 29. hxg3 h5 30. Qb1 Qa7 31. bxc5 dxc5 32. Bg5 Ra1 33. Qb2 Rd1 34. Rd2 Qa1
35. Qxa1 Rxa1 36. Rb2 Rd1 37. Rb3 Bh6 38. Bd8 Be3 39. Bxb6 Rg1+ 40. Kh2 Rf1 41.
Rb5 Rxf3 42. Bxc5 Bxc5 43. Rxc5 Rxd3 44. Rxe5 Rc3 45. c5 Kg7 46. Kh3 Kf6 47. Rd5
Ke6 48. Rg5 Kf6 49. Rd5 Ke6 50. Kh4 Rc4 51. Rd6+ 1-0